Map: Prion Terraces

Players

IIIIIIIIIIII - Winner!

  • Race: Terran Terran
  • League: Master

Tankz

  • Race: Terran Terran
  • League: Master

VOD

Have the link to the VOD?

Description

locks his screens at odd places, knows where my army is, ignores me straight after the game, stims into fog of war.

Time

  • Played on: Dec. 15, 2015, 8:11 a.m.
  • Length: 8:34
Show
View Real Time Build Order
Export as new Build Order

IIIIIIIIIIII Terran - Winner!

Build Orders: Command Center First (CC), MMM Bio 

Get SALT Encoding   

  12  0:00  SCV  
  13  0:13  SCV  
  14  0:18  Supply Depot  
  14  0:25  SCV  
  15  0:40  SCV  
  16  0:52  SCV  
  17  1:01  Command Center  
  17  1:04  SCV  
  18  1:13  Barracks  
  18  1:16  SCV  
  19  1:27  Barracks  
  19  1:29  SCV  
  20  1:42  SCV, Barracks  
  21  2:01  Marine  
  21  2:02  Orbital Command  
  22  2:13  Orbital Command  
  22  2:14  Marine  
  23  2:27  Marine  
  23  2:28  SCV  
  25  2:40  SCV x2  
  25  2:42  Refinery x2  
  27  2:45  Supply Depot, Marine x3  
  30  2:52  SCV x2  
  32  3:03  Marine x2  
  32  3:04  SCV  
  32  3:05  SCV  
  37  3:14  Barracks Tech Lab  
  37  3:17  SCV  
  37  3:18  SCV  
  38  3:21  Marine x2  
  39  3:29  SCV  
  39  3:30  SCV  
  39  3:34  Command Center  
  41  3:38  Stimpack  
  41  3:41  SCV  
  41  3:42  SCV  
  41  3:44  Supply Depot  
  41  3:45  Supply Depot  
  43  3:53  SCV  
  43  3:54  SCV  
  45  3:58  Refinery  
  45  4:03  Factory  
  45  4:05  SCV  
  45  4:06  SCV  
  47  4:10  Barracks Reactor x2  
  47  4:14  Marauder  
  49  4:18  SCV x2, Supply Depot  
  51  4:24  Refinery  
  51  4:28  Supply Depot  
  51  4:30  SCV  
  52  4:36  Marauder  
  54  4:39  SCV  
  54  4:42  SCV  
  56  4:46  Marine x2  
  56  4:47  Marine  
  56  4:49  Bunker, Barracks, Marine  
  56  4:50  Barracks  
  60  4:55  Starport  
  60  4:56  Factory Tech Lab  
  60  5:00  Orbital Command  
  60  5:04  Marauder  
  60  5:06  SCV  
  63  5:07  SCV  
  64  5:14  Engineering Bay  
  64  5:17  Engineering Bay  
  64  5:21  Siege Tank  
  64  5:25  Marine x2  
  64  5:26  Marauder  
  64  5:27  Marine  
  72  5:30  SCV x2  
  72  5:32  SCV  
  75  5:41  Barracks Reactor x2  
  75  5:42  Starport Reactor  
  75  5:43  Combat Shields  
  75  5:47  Marauder, Marine  
  78  5:53  Siege Tank, Refinery  
  78  5:54  Marine x3  
  75  6:05  Marine  
  75  6:09  Marauder  
  72  6:12  Marine x3  
  72  6:17  SCV x2  
  72  6:18  Terran Infantry Weapons Level 1, Terran Infantry Armor Level 1  
  72  6:23  SCV, Marine  
  72  6:24  Refinery  
  72  6:25  Medivac x2  
  78  6:28  Marine x4  
  78  6:29  SCV x2  
  78  6:30  Marauder, Marine x3  
  89  6:34  Supply Depot  
  89  6:38  Supply Depot  
  89  6:40  Supply Depot, Siege Tank, Marine  
  89  6:42  SCV x2  
  95  6:48  Marine  
  95  6:49  Marine x5  
  101  6:56  Marine  
  101  7:01  Marine  
  101  7:02  Marauder  
  101  7:06  Marine x2  
  105  7:13  Marine x3, Medivac x2  
  105  7:15  Marine x2  
  113  7:19  Supply Depot  
  113  7:20  Supply Depot  
  113  7:23  Marauder  
  113  7:26  Supply Depot, Siege Tank  
  113  7:29  Concussive Shells  
  118  7:30  Armory  
  118  7:39  Marine x6  
  118  7:43  Medivac  
  126  7:44  Marine  
  126  7:45  Marauder  
  126  7:49  Marine  
  115  8:06  Marauder  
  111  8:16  Marine  
Show
View Real Time Build Order
Export as new Build Order

Tankz Terran 

Build Orders: Reaper Expand, Mech 

Get SALT Encoding   

  12  0:01  SCV  
  13  0:13  SCV  
  14  0:17  Supply Depot  
  14  0:25  SCV  
  15  0:39  SCV  
  16  0:43  Barracks  
  16  0:51  SCV  
  16  0:52  Refinery  
  17  1:03  SCV  
  18  1:15  SCV  
  19  1:31  Orbital Command  
  19  1:35  Reaper  
  20  1:43  Command Center  
  20  2:00  SCV  
  21  2:07  Reaper  
  22  2:13  SCV  
  23  2:18  Bunker  
  23  2:28  SCV  
  23  2:30  Supply Depot  
  23  2:44  Command Center, Refinery  
  23  2:49  Factory  
  23  2:52  SCV, Barracks Reactor  
  24  2:58  Orbital Command  
  24  3:19  SCV  
  24  3:23  Orbital Command  
  24  3:32  Factory  
  24  3:37  SCV  
  24  3:39  Barracks Tech Lab, Hellion  
  24  3:40  Hellion  
  29  3:49  SCV  
  29  3:50  SCV  
  31  4:02  SCV, Orbital Command  
  32  4:04  SCV  
  32  4:08  Hellion x2  
  37  4:14  SCV  
  38  4:19  Barracks Reactor  
  38  4:22  Infernal Pre-Igniter  
  38  4:24  Hellion  
  40  4:27  Factory, Orbital Command  
  40  4:30  SCV x2  
  42  4:42  SCV x2, Supply Depot  
  42  4:44  Hellion  
  42  4:45  Supply Depot  
  46  4:47  Hellion  
  48  4:53  SCV  
  48  4:54  SCV x2  
  48  4:58  Hellion  
  53  5:05  SCV, Supply Depot  
  54  5:07  Hellion  
  54  5:13  SCV x2, Hellion  
  60  5:19  SCV, Hellion  
  60  5:21  Hellion x2  
  67  5:25  SCV  
  67  5:26  Supply Depot  
  68  5:29  Hellion  
  68  5:30  Starport  
  68  5:32  SCV  
  68  5:33  Barracks Reactor  
  71  5:38  Hellion  
  71  5:40  SCV  
  71  5:41  Hellion  
  71  5:42  Supply Depot  
  76  5:44  Hellion  
  76  5:45  SCV x2  
  80  5:52  SCV, Supply Depot  
  80  5:54  Hellion x2  
  79  6:11  Hellion x2  
  60  6:19  Hellion x2  
  60  6:23  Hellion  
  60  6:24  SCV x2  
  68  6:30  Factory  
  68  6:33  Hellion x2  
  68  6:36  Factory  
  72  6:42  Viking x2  
  72  6:44  SCV, Siege Tank  
  72  6:46  SCV x2  
  82  6:47  Refinery  
  82  6:50  Supply Depot, Refinery  
  82  6:56  SCV  
  83  7:01  SCV  
  83  7:05  Hellion x4  
  90  7:14  Viking  
  90  7:15  Supply Depot, Viking  
  90  7:16  Factory Tech Lab  
  90  7:19  Factory Tech Lab  
  90  7:21  SCV  
  91  7:23  Command Center  
  91  7:25  Refinery x2  
  91  7:29  Supply Depot  
  91  7:32  Armory  
  91  7:33  Hellion x2  
  91  7:34  Armory  
  91  7:36  SCV x2  
  97  7:38  Siege Tank  
  97  7:43  SCV  
  101  7:44  Hellion x2, Engineering Bay  
  101  7:48  SCV  
  106  7:56  Viking x2  
Tags
 
Add a new tag
Caveats
  • Supply blocks, unpowered buildings, or Contaminate may cause inaccurate times.
  • Supply counts are checked every 10 seconds.